 Dungeon Crawl Stone Soup version 0.20.0 (webtiles) character file.

2478 Llamajah the Blocker (level 9, -15/75 HPs)
             Began as a Minotaur Fighter on July 18, 2017.
             Was a Follower of Okawaru.
             Demolished by Grum
             ... wielding a -2 glaive
              (25 damage)
             ... on level 8 of the Dungeon.
             The game lasted 00:12:44 (5332 turns).

Llamajah the Blocker (Minotaur Fighter)             Turns: 5332, Time: 00:12:44

Health: -15/75     AC: 11    Str: 24    XL:     9   Next: 27%
Magic:  8/8        EV: 13    Int:  5    God:    Okawaru [*.....]
Gold:   358        SH: 15    Dex: 14    Spells: 8/8 levels left

rFire    . . .     SeeInvis .   a - +0 war axe
rCold    . . .     Gourm    .   c - +0 shield
rNeg     . . .     Faith    .   x - +2 scale mail {MR+}
rPois    .         Spirit   .   (helmet restricted)
rElec    .         Reflect  +   o - +0 cloak
rCorr    .         Harm     .   (no gloves)
MR       +....                  (no boots)
Stlth    ..........             I - +3 amulet of reflection
Regen    0.3/turn               y - +2 ring of dexterity
MPRegen  0.2/turn               r - +2 ring of strength

@: no status effects
A: retaliatory headbutt, horns 2
a: Heroism, Renounce Religion


You were on level 8 of the Dungeon.
You worshipped Okawaru.
Okawaru was aware of your devotion.
You were hungry.

You visited 2 branches of the dungeon, and saw 9 of its levels.

You collected 358 gold pieces.

Inventory:

Hand Weapons
 a - a +0 war axe (weapon)
Armour
 c - a +0 shield (worn)
 o - a +0 cloak (worn)
 x - a +2 scale mail of magic resistance (worn)
Jewellery
 r - a +2 ring of strength (right hand)
 y - a +2 ring of dexterity (left hand)
 I - a +3 amulet of reflection (around neck)
Wands
 j - a wand of iceblast (12/15)
 w - a wand of lightning (4/15)
 B - a wand of iceblast (3/15)
 H - a wand of random effects (35/48)
Scrolls
 b - a scroll of enchant armour {unknown}
 d - 6 scrolls of teleportation
 e - 11 scrolls of identify {unknown}
 i - 2 scrolls of recharging
 k - 2 scrolls of fear
 s - 2 scrolls of remove curse
 u - a scroll of amnesia {unknown}
 D - a scroll of magic mapping {unknown}
 F - a scroll of fog {unknown}
 G - a scroll of enchant weapon {unknown}
Potions
 g - a potion of mutation {unknown}
 l - a potion of haste {unknown}
 n - 2 potions of brilliance {unknown}
 p - 2 potions of degeneration {unknown}
 q - 2 potions of curing
 v - 3 potions of flight {unknown}
 z - a potion of lignification {unknown}
 A - 2 potions of berserk rage {unknown}
 C - a potion of might
 E - a potion of heal wounds {unknown}
Comestibles
 f - 6 bread rations
 h - 7 royal jellies
 m - 4 meat rations
 t - 7 fruits


   Skills:
 + Level 6.2 Fighting
 + Level 5.4 Axes
 * Level 8.3 Armour
 * Level 6.8 Dodging
 * Level 8.4 Shields
 + Level 1.2 Invocations


You had 8 spell levels left.
You didn't know any spells.

Dungeon Overview and Level Annotations

Branches:
Dungeon (8/15)             Temple (1/1) D:5
   Lair: D:8-11

Altars:
Ashenzari
Dithmenos
Elyvilon
Fedhas
Hepliaklqana
Kikubaaqudgha
Okawaru
Qazlal
Vehumet
Yredelemnul
The Shining One

Annotations:
D:8 Grum


Innate Abilities, Weirdness & Mutations

You reflexively headbutt those who attack you in melee.
You have a pair of horns on your head.


Message History

You block the wolf's attack. The wolf bites you. Grum misses you.
You barely miss the wolf. Your headbutt misses the wolf.
The wolf is severely wounded.
The wolf bites you but does no damage. x2; You block Grum's attack.
You hit the wolf but do no damage. You headbutt the wolf!
You kill the wolf!
Okawaru accepts your kill. You block Grum's attack.
Grum hits you with a glaive!!!
Ouch! That really hurt!
* * * LOW HITPOINT WARNING * * *
You are too injured to fight recklessly!
You are too injured to fight recklessly!
You are too injured to fight recklessly!
You are too injured to fight recklessly!
It was a potion of curing.
You feel better.
You slash Grum! You headbutt Grum!
Grum is severely wounded.
Grum hits you with a glaive!!
You die...

.......<.########........
######.#.# #.#######
#....# #.# ###..# #.#
#..# #.# #..# ##.########
#..# #.........#
#..######.#######.#
..<...g@.......#
#..######.####... #.# #.#
#.. ###


You could see Grum.

Vanquished Creatures
  Grinder (D:4)
  The ghost of dadajohnson the Poker, an amateur HOMo (D:5)
  Menkaure (D:7)
  The ghost of Zerd the Conjurer, an amateur DECj (D:3)
  An ice beast (D:5)
  Duvessa (D:4)
  A phantom (D:4)
  An ogre (D:7)
  3 wolves (D:8)
  A centaur (D:5)
  A big kobold (D:7)
  A bullfrog (D:6)
  Dowan (D:4)
  2 crimson imps (D:7)
  A centaur zombie (D:6)
  2 howler monkeys (D:7)
  4 orc priests
  A centaur skeleton (D:5)
  5 hounds
  Ijyb (D:4)
  3 orc wizards
  An iguana (D:4)
  3 worker ants
  Robin (D:3)
  10 adders
  11 gnolls
  2 oozes
  3 worms
  2 dart slugs
  2 leopard geckos (D:7)
  21 orcs
  6 giant cockroaches
  4 hobgoblins
  13 jackals
  16 kobolds
  4 quokkas
  2 ball pythons (D:3)
  6 bats
  6 frilled lizards
  15 goblins
  2 quokka skeletons (D:4)
  8 rats
172 creatures vanquished.

Notes
Turn   | Place    | Note
-------+----------+-------------------------------------------
     0 | D:1      | Llamajah the Minotaur Fighter began the quest for the Orb.
     0 | D:1      | Reached XP level 1. HP: 19/19 MP: 0/0
   180 | D:1      | Reached XP level 2. HP: 26/26 MP: 1/1
   231 | D:1      | Reached skill level 1 in Dodging
   693 | D:2      | Reached XP level 3. HP: 10/33 MP: 2/2
  1308 | D:3      | Noticed Zerd's ghost (amateur DECj)
  1313 | D:3      | Killed Zerd's ghost
  1313 | D:3      | Reached skill level 5 in Shields
  1313 | D:3      | Reached XP level 4. HP: 35/40 MP: 3/3
  1313 | D:3      | Reached XP level 5. HP: 40/46 MP: 4/4
  1412 | D:3      | Noticed Robin
  1423 | D:3      | Killed Robin
  1665 | D:3      | Reached XP level 6. HP: 46/52 MP: 5/5
  1741 | D:3      | Found an ancient bone altar of Kikubaaqudgha.
  1763 | D:3      | Reached skill level 5 in Armour
  2270 | D:4      | Noticed Ijyb
  2274 | D:4      | Noticed Dowan
  2279 | D:4      | Noticed Duvessa
  2287 | D:4      | Killed Ijyb
  2300 | D:4      | Killed Duvessa
  2300 | D:4      | Reached XP level 7. HP: 28/60 MP: 6/6
  2308 | D:4      | Killed Dowan
  2615 | D:4      | Noticed Grinder
  2617 | D:4      | Paralysed by Grinder for 3 turns
  2629 | D:4      | Killed Grinder
  2629 | D:4      | Reached skill level 5 in Fighting
  2629 | D:4      | Reached skill level 5 in Dodging
  2629 | D:4      | Reached XP level 8. HP: 37/68 MP: 7/7
  2973 | D:5      | Entered Level 5 of the Dungeon
  3171 | D:5      | Noticed dadajohnson's ghost (amateur HOMo)
  3175 | D:5      | Killed dadajohnson's ghost
  3198 | D:5      | Found a staircase to the Ecumenical Temple.
  3219 | Temple   | Entered the Ecumenical Temple
  3248 | Temple   | Became a worshipper of Warmaster Okawaru
  4412 | D:7      | Reached skill level 5 in Axes
  4467 | D:7      | Reached * piety under Okawaru
  4674 | D:7      | Noticed Menkaure
  4680 | D:7      | Killed Menkaure
  4680 | D:7      | Reached XP level 9. HP: 70/75 MP: 8/8
  5078 | D:7      | Reached skill level 1 in Invocations
  5184 | D:7      | Found a white marble altar of Elyvilon.
  5184 | D:7      | Found a shadowy altar of Dithmenos.
  5206 | D:7      | Found a hazy altar of Hepliaklqana.
  5315 | D:8      | Noticed Grum
  5332 | D:8      | Demolished by Grum

Skill      XL: |  1  2  3  4  5  6  7  8  9 |
---------------+----------------------------+-----
Dodging        | 1 2 3 4 5 6 |  6.8
Shields        | 4 5 6 7 8 |  8.4
Armour         | 4 5 6 7 8 |  8.3
Fighting       | 4 5 6 |  6.2
Axes           | 3 4 5 |  5.4
Invocations    | 1 |  1.2

Action                   |  1- 3 |  4- 6 |  7- 9 || total
-------------------------+-------+-------+-------++-------
Melee: War axe           |    94 |   160 |   197 ||   451
       Headbutt          |    11 |    34 |    42 ||    87
  Use: Potion            |     1 |       |     1 ||     2
       Scroll            |       |       |     6 ||     6
  Eat: Chunk             |     1 |     4 |     9 ||    14
Armor: Scale mail        |    50 |    63 |    57 ||   170
Dodge: Dodged            |    35 |    59 |   103 ||   197
Block: Shield            |    58 |    87 |   121 ||   266
